 Dungeon Crawl Stone Soup version 0.31-a0-986-g5e6e4ef867 (webtiles) character file.

Game seed: 1212195236992785179

183077 Lobster4 the Severer (level 18, 0/162 HPs)
             Began as a Hill Orc Fighter on Nov 23, 2023.
             Was the Champion of Nemelex Xobeh.
             Slain by a sun demon (20 damage)
             ... led by a balrug
             ... on level 3 of the Abyss.
             The game lasted 02:21:04 (31426 turns).

Lobster4 the Severer (Hill Orc Fighter)            Turns: 31426, Time: 02:21:05

Health: 0/162      AC: 23    Str: 27    XL:     18   Next: 36%
Magic:  9/28       EV: 12    Int: 20    God:    Nemelex Xobeh [******]
Gold:   3376       SH: 13    Dex: 10    Spells: 19/27 levels left

rFire   + . .        a - +4 broad axe (freeze)
rCold   + . .        X - +0 kite shield
rNeg    + . .        Q - +2 ring mail of Coilex {Rampage Int+6}
rPois   +            Y - +2 helmet "Xutib" {rPois rN+ rCorr}
rElec   .            U - scarf {rC+ rF+}
rCorr   +            J - +1 pair of gloves {infuse}
SInv    .            A - +2 pair of boots
Will    +....        v - amulet of regeneration Stlth
                     l - +6 ring of strength
HPRegen 1.27/turn    m - +4 ring of protection
MPRegen 0.21/turn

%: rampage, infuse magic (1 MP)
@: studying 2 skills
A: no striking features
a: Renounce Religion, Draw Escape, Draw Destruction, Draw Summoning, Triple
Draw, Deal Four, Stack Five


You were on level 3 of the Abyss.
You worshipped Nemelex Xobeh.
Nemelex Xobeh was exalted by your worship.
You visited 5 branches of the dungeon, and saw 26 of its levels.
You visited the Abyss 1 time.
You visited 1 bazaar.
You also visited: Sewer and Bailey.

You collected 5797 gold pieces.
You spent 2421 gold pieces at shops.

Inventory:

Hand Weapons
 a - a +4 broad axe of freezing (weapon)
 c - the +8 frozen axe "Frostbite" {freeze, freezing cloud, *Noise Fly rC+}
   (You found it on level 1 of the Elven Halls)

   rC+:       It protects you from cold.
   Fly:       It grants you flight.
   *Noise:    It may make a loud noise when swung.
 w - a +2 vampiric broad axe
 x - a +2 flail of protection
 y - a +2 war axe of protection
 I - a +2 heavy broad axe
 P - the +0 trident of Welfare {protect, rElec Str+9}
   (You bought it in a shop in a bazaar)

   Str+9:     It affects your strength (+9).
   rElec:     It insulates you from electricity.
Missiles
 f - 24 poisoned darts (quivered)
 r - 9 curare-tipped darts
Armour
 o - a +3 chain mail of willpower
 A - a +2 pair of boots (worn)
 J - a +1 pair of gloves of infusion (worn)
 M - a +2 robe of resistance
 Q - the +2 ring mail of Coilex (worn) {Rampage Int+6}
   (You found it in a bailey)

   Int+6:     It affects your intelligence (+6).
   Rampage:   It bestows one free step when moving towards enemies.
 R - a +1 cloak of stealth
 U - a scarf of resistance (worn)
 X - a +0 kite shield (worn)
 Y - the +2 helmet "Xutib" (worn) {rPois rN+ rCorr}
   (You acquired it on level 2 of the Lair of Beasts)

   rPois:     It protects you from poison rN+: It protects you from negative
   energy.
   rCorr:     It protects you from acid and corrosion.
Jewellery
 g - a ring of see invisible
 l - a +6 ring of strength (left hand)
 m - a +4 ring of protection (right hand)
 u - a ring of protection from cold
 v - an amulet of regeneration (around neck)
 B - an amulet of reflection
 Z - a ring of protection from fire
Talismans
 V - the maw talisman of the Maze {rPois rC++}
   (You found it on level 11 of the Dungeon)

   [maw talisman]

   rC++:      It greatly protects you from cold.
   rPois:     It protects you from poison
Wands
 k - a wand of charming (19)
 p - a wand of roots (12)
 C - a wand of flame (38)
 O - a wand of light (7)
 W - a wand of mindburst (8)
Scrolls
 b - 4 scrolls of fog
 j - 14 scrolls of teleportation
 n - 2 scrolls of enchant weapon
 q - 3 scrolls of immolation
 s - 2 scrolls of blinking
 t - 4 scrolls of poison
 D - a scroll of fear
 N - 2 scrolls of butterflies
Potions
 d - 2 potions of haste
 e - 9 potions of brilliance
 h - 4 potions of enlightenment
 i - 3 potions of resistance
 z - a potion of might
 E - 14 potions of curing
 F - 6 potions of berserk rage
 H - a potion of cancellation
 L - 2 potions of invisibility
 S - a potion of magic
 T - 4 potions of lignification
Miscellaneous
 K - a lightning rod (4/4)


   Skills:
 + Level 14.8 Fighting
 + Level 19.7 Axes
 - Level 12.0 Armour
 - Level 5.0 Dodging
 - Level 16.0 Shields
 + Level 5.2 Spellcasting
 + Level 9.7 Conjurations
 - Level 5.0 Fire Magic
 + Level 9.4 Air Magic
 + Level 14.0 Invocations
 - Level 3.0 Evocations
 * Level 9.9 Shapeshifting


You had 19 spell levels left.
You knew the following spells:

 Your Spells              Type           Power      Damage    Failure   Level
a - Magic Dart            Conj           100%       1d8       1%          1
b - Searing Ray           Conj           88%        2d7       1%          2
c - Arcjolt               Conj/Air       21%        1d31      12%         5

Your spell library contained the following spells:

 Spells                   Type           Power      Damage    Failure   Level
 Summon Small Mammal      Summ           20%        N/A       22%         1
 Fulminant Prism          Conj/Hex       12%        3d9       28%         4
 Summon Lightning Spire   Summ/Air       24%        N/A       30%         4
 Vhi's Electric Charge    Tloc/Air       48%        N/A       30%         4
 Lesser Beckoning         Tloc           10%        N/A       32%         2
 Call Canine Familiar     Summ           5%         N/A       54%         3
 Gell's Gravitas          Tloc           5%         N/A       54%         3
 Sigil of Binding         Hex            5%         N/A       54%         3
 Summon Guardian Golem    Hex/Summ       5%         N/A       54%         3
 Teleport Other           Tloc           5%         N/A       54%         3
 Silence                  Hex/Air        12%        N/A       63%         5
 Plasma Beam              Fire/Air       17%        2x1d28    86%         6
 Animate Armour           Summ/Erth      10%        N/A       91%         4
 Dimensional Bullseye     Hex/Tloc       2%         N/A       91%         4
 Leda's Liquefaction      Hex/Erth       2%         N/A       91%         4
 Manifold Assault         Tloc           5%         N/A       91%         4
 Passage of Golubria      Tloc           5%         N/A       91%         4
 Lee's Rapid Deconstruct  Erth           2%         3d5*      99%         5
 Dispersal                Tloc           2%         N/A       100%        6
 Disjunction              Tloc           2%         N/A       100%        8
 Lehudib's Crystal Spear  Conj/Erth      12%        10d4      100%        8
 Maxwell's Capacitive Co  Air            21%        ∞         100%        8


Dungeon Overview and Level Annotations

Branches:
Dungeon (15/15)            Temple (1/1) D:5            Lair (5/5) D:10
  Swamp (0/4) Lair:2       Spider (0/4) Lair:2        Slime (0/5) Lair:5
    Orc (2/2) D:12            Elf (3/3) Orc:2        Vaults (0/5) D:14
 Depths (0/4) D:15          Sewer (visited)          Bailey (visited)

Altars:
Ashenzari
Cheibriados
Dithmenos
Elyvilon
Fedhas
Gozag
Hepliaklqana
Kikubaaqudgha
Makhleb
Nemelex Xobeh
Okawaru
Qazlal
Ru
Sif Muna
Trog
Uskayaw
Vehumet
Wu Jian
Xom
Yredelemnul
Zin
The Shining One
Beogh
Jiyva

Shops:
D:15 *   Orc:2 *(??   Elf:2 !


Message History

You slice the sun demon!! You freeze the sun demon.
The sun demon is severely wounded.
The sun demon completely misses you.
You slash the sun demon! You freeze the sun demon.
The sun demon is almost dead.
The sun demon hits you.
You are engulfed in flames!
You resist.
* * * LOW HITPOINT WARNING * * *
You barely miss the sun demon.
The sun demon is almost dead.
You block the sun demon's attack.
You slash the sun demon! You freeze the sun demon.
You kill the sun demon!
A sun demon comes into view.
You slash the sun demon! You freeze the sun demon!
The sun demon is heavily wounded.
You block the sun demon's attack.
You closely miss the sun demon.
The sun demon is heavily wounded.
The sun demon hits you.
* * * LOW HITPOINT WARNING * * *
You are engulfed in flames!
You resist.
* * * LOW HITPOINT WARNING * * *
You slash the sun demon! You freeze the sun demon.
The sun demon is severely wounded.
The sun demon hits you!
* * * LOW HITPOINT WARNING * * *
You are engulfed in flames!
You resist.
* * * LOW HITPOINT WARNING * * *
You slash the sun demon! You freeze the sun demon.
The sun demon is almost dead.
The sun demon hits you.
* * * LOW HITPOINT WARNING * * *
You are engulfed in flames.
You resist.
* * * LOW HITPOINT WARNING * * *
You feel better. The sun demon barely misses you.
You closely miss the sun demon.
The sun demon is almost dead.
The sun demon hits you!!
You die...
Your body glows with a rainbow of weird colours and disappears.

### ##
#.#
#.###@#
## .
##3..#
# # ##.
# ##.#
. #
.#.###
.......
3 #.. .
# ....
. .. .
# . .
##
.3###.
. .. 4.
. .. #
. . .
#. .##
#


You could see a sun demon.

Vanquished Creatures
  2 tentacled starspawn
  2 daevas (Abyss:2)
  A balrug (Abyss:3)
  4 very ugly things (Abyss:2)
  An ironbound thunderhulk (D:14)
  2 deep elf annihilators (Elf:1)
  A dire elephant (Lair:5)
  2 ettins
  Snorg (D:13)
  A deep elf death mage (Elf:1)
  A vault guard (D:14)
  A deep elf high priest (Elf:1)
  9 hydras
  7 centaur warriors
  3 ogre magi (Orc:2)
  3 death knights
  2 catoblepae
  7 boulder beetles
  25 dancing weapons
  A deep troll shaman (Lair:5)
  A tengu warrior (D:15)
  9 death yaks (Lair:5)
  16 two-headed ogres
  2 thrashing horrors (Abyss:2)
  Urug (D:10)
  A large abomination (Abyss:2)
  A shock serpent (shapeshifter) (D:14)
  9 deep elf knights
  2 sun demons (Abyss:3)
  4 skysharks
  Sonja (Orc:1)
  A wretched star (Abyss:2)
  A spatial maelstrom (Abyss:2)
  3 skeletal warriors
  A death drake (Elf:1)
  3 deep trolls
  Pikel (D:4)
  11 deep elf archers
  A bog body (Lair:2)
  A lindwurm (Lair:4)
  A phantasmal warrior (D:14)
  11 starcursed masses (Abyss:2)
  A mana viper (shapeshifter) (Elf:2)
  3 orc knights
  A wolf spider (Lair:1)
  21 deep elf pyromancers
  9 cyclopes
  6 manticores
  18 deep elf zephyrmancers
  An orc sorcerer (Elf:2)
  7 elephants (Lair:5)
  14 ugly things
  Maurice (D:10)
  7 black mambas
  2 smoke demons (Abyss:2)
  13 cane toads
  A kobold demonologist (D:12)
  8 komodo dragons
  A rime drake (Lair:2)
  2 yaktaurs (shapeshifter) (D:14)
  An efreet (Abyss:2)
  2 unseen horrors
  3 freezing wraiths
  A tengu conjurer (D:15)
  An ancient zyme (Abyss:2)
  6 trolls
  4 polar bears
  A hellwing (Abyss:2)
  23 blink frogs
  A dream sheep (D:15)
  A snapping turtle (D:14)
  A tarantella (shapeshifter) (D:14)
  3 slime creatures
  2 ynoxinuls (Abyss:2)
  An air elemental (Elf:2)
  6 wyverns
  A centaur simulacrum (D:14)
  8 wraiths
  A culicivora (shapeshifter) (D:13)
  2 fire elementals (Elf:2)
  A fire bat (Abyss:2)
  2 vampires
  6 basilisks
  5 humans
  64 yaks
  A chaos spawn (Abyss:2)
  2 steam dragons
  9 vampire mosquitoes
  A neqoxec (Abyss:2)
  6 wargs
  An acid dragon (D:5)
  13 water moccasins
  19 orc warriors
  2 black bears
  27 ogres
  32 wolves
  14 centaurs
  A phantom (D:4)
  7 kobold brigands
  3 lemures (D:4)
  2 gnoll sergeants
  15 bullfrogs
  3 scorpions
  A necrophage (D:5)
  2 hornet simulacra
  An earth elemental (Elf:2)
  14 wights
  6 small abominations (Abyss:2)
  5 killer bees (D:9)
  4 electric eels
  4 howler monkeys
  The ghost of Crabhammer the Insei, a weakling OpSh (D:3)
  A lava snake (D:15)
  2 hounds
  2 quasits (Abyss:2)
  A jelly (D:6)
  15 orc priests
  An iguana (D:6)
  A sleepcap (D:4)
  22 orc wizards
  Terence (D:3)
  A hound skeleton (D:5)
  4 gnolls
  8 adders
  A shadow imp (D:7)
  A white imp (D:4)
  2 ufetubi (Abyss:2)
  2 dart slugs
  67 orcs
  8 bats
  13 endoplasms
  4 giant cockroaches
  6 goblins
  9 hobgoblins
  6 quokkas (D:1)
  15 ball pythons
  10 frilled lizards
  18 kobolds
  13 rats
851 creatures vanquished.

Vanquished Creatures (collateral kills)
  Rupert (Lair:4)
  Jorgrun (Elf:1)
  The ghost of Doj the Martial Artist, a journeyman DsSh of Gozag (Lair:2)
  A hydra (D:9)
  An ogre mage (Orc:2)
  4 two-headed ogres (Orc:2)
  The ghost of Pooter the Grappler, a novice TrHu (D:9)
  A boulder beetle (D:14)
  4 death yaks (Lair:4)
  5 dancing weapons
  The ghost of quinnr the Zephyrmancer, a novice TeAE of Vehumet (D:8)
  A skeletal warrior (D:12)
  A deep elf archer (Elf:1)
  A deep elf zephyrmancer (Elf:2)
  4 deep elf pyromancers (Elf:2)
  A cyclops (D:14)
  An ugly thing (D:14)
  A cane toad (Lair:4)
  4 dream sheep (Lair:4)
  2 slime creatures (D:12)
  A ynoxinul (D:8)
  2 orc warriors (Orc:1)
  An ogre (Orc:2)
  An orc priest (Orc:1)
  An orc wizard (Orc:1)
  5 orcs
48 creatures vanquished.

Vanquished Creatures (others)
  A deep elf knight (Elf:1)
  A deep elf pyromancer (Elf:1)
  2 humans (D:9)
  An orc warrior (Bailey)
  An orc wizard (D:10)
  2 orcs
  A starspawn tentacle (Abyss:3)
9 creatures vanquished.

Grand Total: 908 creatures vanquished

Notes
Turn   | Place    | Note
-------+----------+-------------------------------------------
     0 | D:1      | Lobster4 the Hill Orc Fighter began the quest for the Orb.
     0 | D:1      | Reached XP level 1. HP: 19/19 MP: 1/1
   227 | D:1      | Reached skill level 3 in Axes
   240 | D:1      | Reached XP level 2. HP: 27/27 MP: 2/2
   425 | D:1      | Reached XP level 3. HP: 33/33 MP: 3/3
   847 | D:1      | Found a sacrificial altar of Ru.
  1061 | D:2      | Found a faded altar of an unknown god.
  1298 | D:2      | Found a glowing golden altar of the Shining One.
  1425 | D:2      | Reached skill level 4 in Axes
  1425 | D:2      | Reached XP level 4. HP: 16/40 MP: 4/4
  1544 | D:3      | Found a runed translucent gate.
  1544 | D:3      | Found a runed translucent gate.
  1544 | D:3      | Found a runed translucent gate.
  1562 | D:3      | Noticed Terence
  1577 | D:3      | HP: 1/41 [Terence/+4 flail (5)]
  1579 | D:3      | Killed Terence
  1580 | D:3      | Reached XP level 5. HP: 2/47 MP: 5/5
  1720 | D:3      | Noticed Crabhammer's ghost (weakling OpSh)
  1839 | D:3      | Found a glowing golden altar of the Shining One.
  1874 | D:3      | Found a glowing drain.
  1915 | Sewer    | Entered a sewer
  1943 | Sewer    | Reached skill level 5 in Axes
  2264 | D:3      | Reached XP level 6. HP: 18/55 MP: 6/6
  2435 | D:3      | Identified 2 scrolls of acquirement
  2435 | D:3      | Acquired a manual of Shields
  2583 | D:3      | Found a stormy altar of Qazlal.
  2585 | D:3      | Noticed an air elemental
  2586 | D:3      | Noticed a fire elemental
  2586 | D:3      | Noticed a water elemental
  3158 | D:4      | Found an ornate altar of the Wu Jian Council.
  3376 | D:4      | Reached skill level 5 in Fighting
  3376 | D:4      | Reached skill level 6 in Axes
  3461 | D:4      | Noticed Pikel
  3521 | D:4      | Killed Pikel
  3522 | D:4      | Reached skill level 7 in Axes
  3522 | D:4      | Reached skill level 5 in Armour
  3522 | D:4      | Reached XP level 7. HP: 17/62 MP: 7/7
  3522 | D:4      | Reached XP level 8. HP: 19/70 MP: 8/8
  3728 | D:5      | Entered Level 5 of the Dungeon
  3728 | D:5      | Found a staircase to the Ecumenical Temple.
  3733 | Temple   | Entered the Ecumenical Temple
  3749 | Temple   | Became a worshipper of Nemelex Xobeh the Trickster
  4125 | D:5      | Reached skill level 8 in Axes
  4125 | D:5      | Reached skill level 1 in Invocations
  4197 | D:5      | Found a burning altar of Makhleb.
  4321 | D:5      | Identified the +5 hand axe "Kyvuc" {protect, *Corrode *Slow
                  | +Blink rC+++}
  4401 | D:5      | Reached skill level 1 in Dodging
  4474 | D:5      | Reached * piety under Nemelex Xobeh
  4835 | D:6      | Received a gift from Nemelex Xobeh
  4958 | D:6      | Reached skill level 1 in Spellcasting
  5008 | D:6      | Reached XP level 9. HP: 76/78 MP: 9/11
  5297 | D:7      | Reached skill level 9 in Axes
  5358 | D:7      | Learned a level 1 spell: Magic Dart
  5435 | D:7      | Noticed a troll
  5701 | D:7      | Killed a troll
  5867 | D:7      | Found a white marble altar of Elyvilon.
  5882 | D:7      | Reached skill level 1 in Conjurations
  5977 | D:7      | Reached skill level 1 in Fire Magic
  6168 | D:7      | Reached ** piety under Nemelex Xobeh
  6702 | D:8      | Found a bloodstained altar of Trog.
  6804 | D:8      | Reached skill level 10 in Axes
  6903 | D:8      | Reached XP level 10. HP: 81/86 MP: 13/13
  6972 | D:8      | Found a runed translucent door.
  6974 | D:8      | Noticed quinnr's ghost (novice TeAE)
  7192 | D:9      | Noticed a manticore
  7204 | D:9      | Killed a manticore
  7258 | D:9      | Reached skill level 5 in Invocations
  7339 | D:9      | Noticed a cyclops
  7353 | D:9      | Killed a cyclops
  7354 | D:9      | Reached skill level 11 in Axes
  7439 | D:9      | Noticed a two-headed ogre
  7471 | D:9      | Killed a two-headed ogre
  7662 | D:9      | Found a sacrificial altar of Ru.
  7725 | D:9      | Reached XP level 11. HP: 95/95 MP: 11/15
  7763 | D:9      | Received a gift from Nemelex Xobeh
  7828 | D:9      | Reached skill level 1 in Evocations
  7978 | D:9      | Found a runed translucent gate.
  7978 | D:9      | Found a runed translucent gate.
  7978 | D:9      | Found a runed translucent gate.
  7979 | D:9      | Noticed Pooter's ghost (novice TrHu)
  7980 | D:9      | Noticed a ten-headed hydra
  8041 | D:10     | Entered Level 10 of the Dungeon
  8162 | D:10     | Found a flagged portal.
  8184 | D:10     | Found a broken altar of Ashenzari.
  8203 | Bailey   | Entered a bailey
  8225 | Bailey   | Reached *** piety under Nemelex Xobeh
  8241 | Bailey   | Reached skill level 10 in Shields
  8362 | Bailey   | Found a large runed translucent door.
  8362 | Bailey   | Found a large runed translucent door.
  8363 | Bailey   | Noticed a deep elf pyromancer
  8372 | Bailey   | Noticed an orc knight
  8512 | Bailey   | Killed an orc knight
  8677 | Bailey   | Killed a deep elf pyromancer
  8678 | Bailey   | Reached skill level 12 in Axes
  8741 | Bailey   | Identified the +2 ring mail of Coilex {Rampage Int+6}
  8873 | D:10     | Noticed Urug
  8898 | D:10     | Killed Urug
  8931 | D:10     | Learned a level 2 spell: Searing Ray
  9095 | D:10     | Noticed Maurice
  9115 | D:10     | Killed Maurice
  9385 | D:10     | Found a staircase to the Lair.
  9453 | D:10     | Received a gift from Nemelex Xobeh
  9716 | D:11     | Noticed a brown ugly thing
  9851 | D:11     | Identified the maw talisman of the Maze {rPois rC++}
  9902 | D:11     | Reached skill level 5 in Fire Magic
 10097 | D:11     | Noticed a two-headed ogre
 10109 | D:11     | Killed a two-headed ogre
 10270 | D:11     | Reached **** piety under Nemelex Xobeh
 10333 | D:11     | Received a gift from Nemelex Xobeh
 10530 | D:11     | Killed a brown ugly thing
 10531 | D:11     | Reached skill level 13 in Axes
 10531 | D:11     | Reached XP level 12. HP: 83/104 MP: 17/17
 10942 | D:12     | Reached skill level 5 in Conjurations
 10945 | D:12     | Noticed a boulder beetle
 10964 | D:12     | Killed a boulder beetle
 11156 | D:12     | Noticed a two-headed ogre
 11390 | Lair:1   | Entered Level 1 of the Lair of Beasts
 11414 | Lair:1   | Reached skill level 1 in Shapeshifting
 11443 | Lair:1   | You fall into a shaft and drop 1 floor!
 11475 | Lair:2   | Noticed a six-headed hydra
 11476 | Lair:2   | Noticed a skyshark
 11479 | Lair:2   | Killed a six-headed hydra
 11480 | Lair:2   | Reached skill level 14 in Axes
 11485 | Lair:2   | Noticed Doj's ghost (journeyman DsSh)
 11492 | Lair:2   | Killed a skyshark
 11493 | Lair:2   | Reached skill level 10 in Fighting
 11650 | Lair:1   | Received a gift from Nemelex Xobeh
 11728 | Lair:1   | Reached XP level 13. HP: 67/114 MP: 19/19
 11869 | Lair:1   | Acquired 953 gold pieces
 11965 | Lair:1   | Received a gift from Nemelex Xobeh
 12028 | Lair:1   | Reached ***** piety under Nemelex Xobeh
 12423 | Lair:2   | Reached skill level 15 in Axes
 12536 | Lair:2   | Found a hole to the Spider Nest.
 12643 | Lair:2   | Found a transporter.
 12656 | Lair:2   | Found a transporter.
 12674 | Lair:2   | Received a gift from Nemelex Xobeh
 12688 | Lair:2   | Found a staircase to the Swamp.
 13277 | Lair:2   | Acquired a manual of Air Magic
 13279 | Lair:2   | Acquired the +2 helmet "Xutib" {rPois rN+ rCorr}
 13286 | Lair:2   | Identified the of Asexzeimp (You acquired it on level 2 of
                  | the Lair of Beasts)
 13434 | Lair:2   | Reached skill level 10 in Armour
 13434 | Lair:2   | Reached skill level 1 in Air Magic
 14110 | Lair:3   | Received a gift from Nemelex Xobeh
 14631 | Lair:4   | Reached skill level 10 in Invocations
 14647 | Lair:4   | Reached skill level 16 in Axes
 14647 | Lair:4   | Reached XP level 14. HP: 112/124 MP: 21/21
 14747 | Lair:4   | Received a gift from Nemelex Xobeh
 15019 | Lair:4   | Noticed Rupert
 15033 | Lair:4   | Identified the +0 long sword "Loeniac" {freeze, Fly rC++
                  | rCorr Stlth-}
 15046 | Lair:4   | Killed Rupert
 15053 | Lair:4   | Acquired 558 gold pieces
 15455 | Lair:5   | Entered Level 5 of the Lair of Beasts
 15553 | Lair:5   | Found a staircase to the Slime Pits.
 15711 | D:9      | Killed Pooter's ghost
 15855 | D:3      | Killed Crabhammer's ghost
 16017 | D:8      | Killed quinnr's ghost
 16201 | Lair:2   | Killed Doj's ghost
 16549 | Lair:5   | Received a gift from Nemelex Xobeh
 16895 | Lair:5   | Found a viscous altar of Jiyva.
 17298 | Lair:5   | Received a gift from Nemelex Xobeh
 17411 | Lair:5   | Reached skill level 17 in Axes
 17528 | Lair:5   | Reached skill level 5 in Air Magic
 17547 | Lair:5   | Reached XP level 15. HP: 132/132 MP: 22/22
 17693 | Lair:5   | Reached skill level 5 in Shapeshifting
 18173 | D:12     | You fall into a shaft and drop 2 floors!
 18405 | D:14     | Reached skill level 15 in Shields
 18815 | D:14     | Found an iron altar of Okawaru.
 19593 | D:12     | Reached skill level 18 in Axes
 19704 | D:12     | Found a staircase to the Orcish Mines.
 19863 | Orc:1    | Entered Level 1 of the Orcish Mines
 20013 | Orc:1    | Received a gift from Nemelex Xobeh
 20015 | Orc:1    | Noticed Sonja
 20026 | Orc:1    | Killed Sonja
 20180 | Orc:1    | Found a roughly hewn altar of Beogh.
 20247 | Orc:1    | Reached ****** piety under Nemelex Xobeh
 20317 | Orc:2    | Entered Level 2 of the Orcish Mines
 20508 | Orc:1    | Received a gift from Nemelex Xobeh
 20717 | Orc:2    | Found a staircase to the Elven Halls.
 20854 | Orc:2    | Reached skill level 5 in Dodging
 20864 | Orc:2    | Reached XP level 16. HP: 101/141 MP: 24/24
 20883 | Orc:2    | Paralysed by something for 3 turns
 21001 | Orc:2    | Reached skill level 5 in Spellcasting
 21011 | Orc:2    | Found Dougarph's Magic Scroll Shoppe.
 21011 | Orc:2    | Found Umaane's Weapon Shop.
 21012 | Orc:2    | Found Ypeebyl's Magic Scroll Shop.
 21012 | Orc:2    | Found Afade's General Store.
 21022 | Orc:2    | Bought a potion of curing for 51 gold pieces
 21023 | Orc:2    | Bought a scroll of noise for 16 gold pieces
 21023 | Orc:2    | Bought a scroll of teleportation for 48 gold pieces
 21023 | Orc:2    | Bought a scroll of fear for 64 gold pieces
 21046 | Orc:2    | Bought a scroll of acquirement for 676 gold pieces
 21046 | Orc:2    | Identified the of Cileutz (You acquired it on level 2 of
                  | the Orcish Mines)
 21046 | Orc:2    | Bought a scroll of teleportation for 39 gold pieces
 21046 | Orc:2    | Bought a scroll of enchant armour for 97 gold pieces
 21379 | D:13     | Noticed Snorg
 21385 | D:13     | Killed Snorg
 21723 | D:13     | Received a gift from Nemelex Xobeh
 22282 | D:14     | Noticed Agnes
 22285 | D:14     | Agnes changed into Agnes the deep troll
 22285 | D:14     | Noticed Agnes
 22292 | D:14     | Killed Agnes the deep troll
 22448 | D:14     | Found a gate to the Vaults.
 23200 | D:15     | Entered Level 15 of the Dungeon
 23448 | D:15     | Received a gift from Nemelex Xobeh
 23746 | D:15     | Found Tetuvilu's Changing Room.
 24341 | D:15     | Found a staircase to the Depths.
 24670 | Spider:1 | Identified the "Fuoskuw"
 24670 | Spider:1 | Identified the of Jenou
 24670 | Desolati | Identified the of Xaudagat
 24670 | Desolati | Identified the "Celof"
 24670 | Desolati | Identified the of Maczyips
 24670 | Vaults:5 | Identified the "Ysouc"
 24670 | Vaults:5 | Identified the "Lachilis"
 24670 | WizLab   | Identified the "Cikhep"
 24670 | WizLab   | Identified the "Tagra"
 24670 | Elf:1    | Entered Level 1 of the Elven Halls
 24898 | Elf:1    | Reached XP level 17. HP: 98/151 MP: 26/26
 24936 | Elf:1    | Noticed Jorgrun
 24945 | Elf:1    | Killed Jorgrun
 25062 | Elf:1    | Received a gift from Nemelex Xobeh
 25166 | Elf:1    | Reached skill level 19 in Axes
 25287 | Elf:1    | Found a flickering gateway to a bazaar.
 25301 | Bazaar   | Entered a bazaar
 25351 | Bazaar   | Found Cituraur's Magic Scroll Emporium.
 25351 | Bazaar   | Found Tairuy's Weapon Shoppe.
 25373 | Bazaar   | Found Odaunn's Armour Shoppe.
 25389 | Bazaar   | Found Ucuhek's Antique Armour Shoppe.
 25405 | Bazaar   | Found Gineq's Magic Scroll Shoppe.
 25476 | Bazaar   | Bought a scroll of enchant weapon for 75 gold pieces
 25477 | Bazaar   | Bought a scroll of fog for 40 gold pieces
 25477 | Bazaar   | Bought a scroll of poison for 40 gold pieces
 25477 | Bazaar   | Bought a scroll of fog for 40 gold pieces
 25477 | Bazaar   | Bought a scroll of teleportation for 30 gold pieces
 25483 | Bazaar   | Bought the +0 trident of Welfare {protect, rElec Str+9} for
                  | 371 gold pieces
 25502 | Bazaar   | Bought a +1 cloak of stealth for 231 gold pieces
 25506 | Bazaar   | Bought a +0 pair of gloves of infusion for 161 gold pieces
 26225 | Elf:1    | Received a gift from Nemelex Xobeh
 26228 | Elf:1    | Found the +8 frozen axe "Frostbite" {freeze, freezing
                  | cloud, *Noise Fly rC+}
 26982 | Elf:2    | Paralysed by an orc sorcerer for 4 turns
 28113 | Elf:2    | Paralysed by an air elemental for 1 turns
 28503 | Elf:2    | Found Awnif's Distillery.
 28512 | Elf:2    | Bought a potion of might for 68 gold pieces
 28512 | Elf:2    | Bought a potion of resistance for 170 gold pieces
 28512 | Elf:2    | Bought a potion of curing for 51 gold pieces
 28512 | Elf:2    | Bought 2 potions of curing for 102 gold pieces
 28512 | Elf:2    | Bought a potion of curing for 51 gold pieces
 28764 | Elf:2    | Found a runed translucent gate.
 28764 | Elf:2    | Found a runed translucent gate.
 28765 | Elf:2    | Found a runed translucent gate.
 29355 | Elf:2    | Acquired 1096 gold pieces
 29412 | Elf:2    | Received a gift from Nemelex Xobeh
 30094 | Elf:3    | Identified the "Toepleywn"
 30094 | Elf:3    | Entered Level 3 of the Elven Halls
 30210 | Elf:3    | Reached XP level 18. HP: 151/161 MP: 25/28
 30404 | Abyss:2  | Cast into level 2 of the Abyss (a deep elf demonologist)
 30411 | Abyss:2  | Found a corrupted altar of Lugonu.
 30413 | Abyss:2  | Found a corrupted altar of Lugonu.
 30450 | Abyss:2  | Found a corrupted altar of Lugonu.
 30451 | Abyss:2  | Received a gift from Nemelex Xobeh
 30508 | Abyss:2  | Found a corrupted altar of Lugonu.
 30542 | Abyss:2  | Learned a level 5 spell: Arcjolt
 31316 | Abyss:3  | Received a gift from Nemelex Xobeh
 31426 | Abyss:3  | Slain by a sun demon

Illustrated notes

Levels and vault maps discovered:
D:1:      dpeg_arrival_lava_altar, layout_basic, st_stairs_11
D:2:      layout_rooms, basic_altar, ebering_ecumenical_altar_abandoned
D:3:      layout_rooms, nicolae_qazlal_style_of_elements, tso_metal_star,
          ebering_ghost_rock_garden, portal_sewer_entry_a, uniq_terence
D:4:      layout_basic, nicolae_wu_jian_immortal_techniques, uniq_pikel
D:5:      layout_basic, makhleb_blood_cavern_becter, minmay_temple_entry_trees
D:6:      layout_basic, nicolae_titane
D:7:      layout_basic, mainiacjoe_overflow_24_doors, water_maze_lemuel
D:8:      layout_layer_cave, mainiacjoe_overflow_boulevard,
          hellmonk_ghost_big_iron
D:9:      minmay_opposing_rooms, layout_basic,
          nicolae_ru_great_annihilating_truth, gammafunk_ghost_hydra_chop,
          grunt_ogre_cave, hangedman_decor_riveting, minmay_ruffians
D:10:     layout_irregular_city, ashenzari_altar_1, erik_lair_orcish_takeover,
          enter_bailey_4, uniq_maurice, uniq_urug
D:11:     layout_grid_maze
D:12:     layout_cave_pools, kennysheep_orc_monster_closet_entryway
D:13:     layout_loops_cross, uniq_snorg
D:14:     minmay_connected_boxes_in_corner, layout_irregular_city,
          hellmonk_vaults_keyhole, okawaru_gym_becter, minmay_statues_item,
          kennysheep_dice, uniq_agnes
D:15:     hangedman_depths_entry_civil_slaughter, layout_long_grid,
          chequers_arboretum, nicolae_lava_and_water, serial_bayou_lagoon_a,
          nicolae_transmutations_shop
Temple:   nicolae_temple_superstar
Lair:1:   layout_regular_city, nicolae_lair_run_with_the_wolves,
          infiniplex_staircase_pool, serial_bayou_shore_a
Lair:2:   layout_misc_corridors, skrybe_swamp_entry_bodies,
          spider_nest_entry_web_field, gammafunk_ghost_arena, grunt_megastairs_2
Lair:3:   layout_cave_pods, grunt_megastairs_4
Lair:4:   layout_small_grid, uniq_rupert
Lair:5:   grunt_lair_end_beastmaster, layout_regular_city, slime_entry_1
Orc:1:    nicolae_orc_accident_2, layout_caves, mines_bat_river, uniq_sonja
Orc:2:    st_orc_ogre_mass, layout_caves
Elf:1:    layout_loops_ring, serial_shops, bzr_entry_gold,
          hangedman_elf_represent, uniq_jorgrun
Elf:2:    elven_hall_of_blades_hangedman_original
          [nicolae_blade_entry_crossed_weapons], layout_geoelf_grid,
          serial_shops, nicolae_shop_hallway_plus, hex_medium
Elf:3:    grunt_elf_hall_diamonds, layout_rooms, hex_tiny, st_stairs_3
Abyss:3:  base: Vaults:1, hangedman_decor_points, evilmike_abyss_exit_16,
          gammafunk_abyss_exit_x_factor

Skill      XL: |  1  2  3  4  5  6  7  8  9 10 11 12 13 14 15 16 17 18 |
---------------+-------------------------------------------------------+-----
Axes           | 3 4 5 7 8 10 11 13 14 16 17 18 19 | 19.7
Fighting       | 4 5 6 7 8 9 10 11 12 13 14 | 14.8
Shields        | 4 6 7 8 9 11 12 13 14 15 16 | 16.0
Armour         | 4 5 6 7 8 9 10 11 12 | 12.0
Invocations    | 2 4 5 7 8 10 11 12 13 14 | 14.0
Dodging        | 1 2 3 5 |  5.0
Spellcasting   | 1 2 3 4 5 |  5.2
Conjurations   | 2 3 4 5 6 7 8 9 |  9.7
Fire Magic     | 2 4 5 |  5.0
Evocations     | 3 |  3.0
Shapeshifting  | 2 3 4 6 7 9 |  9.9
Air Magic      | 2 5 7 8 9 |  9.4

Action                     |  1- 3 |  4- 6 |  7- 9 | 10-12 | 13-15 | 16-18 || total
---------------------------+-------+-------+-------+-------+-------+-------++-------
  Melee: War axe           |    92 |   242 |   269 |   576 |  1302 |   414 ||  2895
         Flail             |       |       |       |       |    62 |     6 ||    68
         Broad axe         |       |       |       |       |    62 |   566 ||   628
         Executioner's axe |       |       |       |       |       |    13 ||    13
         Maw               |       |       |       |       |       |    10 ||    10
  Throw: Stone             |       |     4 |       |       |       |       ||     4
         Dart              |       |       |     8 |    49 |    12 |    17 ||    86
         Boomerang         |       |       |     2 |   144 |     1 |       ||   147
         Throwing net      |       |       |       |     3 |       |       ||     3
   Cast: Magic Dart        |       |       |       |     9 |    67 |    48 ||   124
         Searing Ray       |       |       |       |     3 |    32 |    26 ||    61
 Invoke: Draw Destruction  |       |       |       |     7 |    24 |    26 ||    57
         Draw Summoning    |       |       |       |       |    13 |    10 ||    23
         Draw Escape       |       |       |       |       |       |     1 ||     1
  Evoke: Wand              |       |       |       |    14 |     3 |     5 ||    22
         Lightning rod     |       |       |       |       |       |     4 ||     4
    Use: Scroll            |     3 |     5 |     8 |     4 |    10 |    11 ||    41
         Potion            |       |     2 |     5 |     6 |     1 |    10 ||    24
   Stab: Distracted        |       |       |       |       |     5 |     1 ||     6
         Petrifying        |       |       |       |       |       |     1 ||     1
         Petrified         |       |       |       |       |       |     1 ||     1
 Armour: Scale mail        |    62 |   178 |   206 |     2 |       |       ||   448
         Ring mail         |       |       |       |   508 |  1049 |   691 ||  2248
         Skin              |       |       |       |     2 |       |     8 ||    10
  Dodge: Dodged            |    40 |   115 |   107 |   316 |   625 |   326 ||  1529
  Block: Buckler           |    19 |    45 |    70 |   184 |   446 |   155 ||   919
         Kite shield       |       |       |       |       |       |   238 ||   238
         Reflection        |       |       |       |       |       |    26 ||    26
   Form: Maw               |       |       |       |       |       |     3 ||     3
                           |       |       |       |       |       |     3 ||     3

Table legend: (Time is in decaauts)
 A = Elapsed time spent in this place.
 B = Non-inter-level travel time spent in this place.
 C = Inter-level travel time spent in this place.
 D = Time resting spent in this place.
 E = Time spent auto-exploring this place.
 F = Levels seen in this place.
 G = Mean time per level.
                   A        B        C        D        E       F      G
               +--------+--------+--------+--------+--------+-----+--------+
         Total |  31065 |  28058 |   3007 |   4476 |  15008 |  31 | 1002.1 |
       Dungeon |  16352 |  14546 |   1806 |   1384 |   9174 |  15 | 1090.1 |
        Temple |     32 |      2 |     30 |      0 |      0 |   1 |   32.0 |
          Lair |   5986 |   5504 |    482 |    519 |   3426 |   5 | 1197.2 |
  Orcish Mines |   1870 |   1446 |    424 |    157 |    908 |   2 |  935.0 |
   Elven Halls |   4625 |   4362 |    263 |   1899 |   1029 |   3 | 1541.7 |
         Abyss |    973 |    973 |      0 |    459 |     59 |   2 |  486.5 |
        Bazaar |    245 |    245 |      0 |      0 |    117 |   1 |  245.0 |
         Sewer |    364 |    364 |      0 |      0 |    206 |   1 |  364.0 |
        Bailey |    613 |    613 |      0 |     56 |     88 |   1 |  613.0 |
               +--------+--------+--------+--------+--------+-----+--------+

Top non-repeatable levels by time:
   Elf:1: 2360 daAuts
   Elf:2: 1968 daAuts
    D:14: 1898 daAuts
  Lair:5: 1647 daAuts
    D:11: 1480 daAuts
     D:7: 1374 daAuts
    D:12: 1370 daAuts
  Lair:3: 1221 daAuts
  Lair:2: 1167 daAuts
    D:15: 1159 daAuts
     D:3: 1103 daAuts
    D:10: 1101 daAuts
     D:9: 1056 daAuts
   Orc:2: 1047 daAuts
  Lair:4: 1035 daAuts
